 Dungeon Crawl Stone Soup version 0.23-a0-644-gb60d84b (webtiles) character file.

116 Borgoz the Skirmisher (level 5, -1/47 HPs)
             Began as a Hill Orc Abyssal Knight on Jan 1, 2019.
             Was a Believer of Lugonu.
             Killed from afar by an orc wizard (3 damage)
             ... with a magic dart
             ... on level 3 of the Dungeon.
             The game lasted 00:03:47 (2852 turns).

Borgoz the Skirmisher (Hill Orc Abyssal Knight)     Turns: 2852, Time: 00:03:48

Health: -1/47      AC:  5    Str: 15    XL:     5   Next: 0%
Magic:  7/7        EV: 16    Int: 12    God:    Lugonu [**....]
Gold:   113        SH:  0    Dex: 16    Spells: 4/4 levels left

rFire    . . .     SeeInvis .   a - +1 hand axe
rCold    . . .     Gourm    .   (no shield)
rNeg     . . .     Faith    .   g - +0 ring mail (curse)
rPois    .         Spirit   .   (no helmet)
rElec    .         Reflect  .   (no cloak)
rCorr    .         Harm     .   (no gloves)
MR       .....                  (no boots)
Stlth    ++........             (no amulet)
HPRegen  0.15/turn              (no ring)
MPRegen  0.10/turn              (no ring)

@: agile, slowed, very slow
A: no striking features
a: Depart the Abyss, Bend Space, Renounce Religion


You were on level 3 of the Dungeon.
You worshipped Lugonu.
Lugonu was pleased with you.
You were not hungry.

You visited 1 branch of the dungeon, and saw 3 of its levels.
You visited the Abyss 1 time.

You collected 113 gold pieces.

Inventory:

Hand Weapons
 a - a +1 hand axe (weapon)
 l - a +1 whip of freezing
Armour
 g - a cursed +0 ring mail (worn)
Scrolls
 b - a scroll of remove curse {unknown}
 e - a scroll of magic mapping {unknown}
 h - 2 scrolls of enchant armour {unknown}
 j - a scroll of teleportation
Potions
 d - 2 potions of magic
 f - a potion of agility
 i - a potion of mutation {unknown}
 k - a potion of haste {unknown}
Comestibles
 c - 8 rations


   Skills:
 + Level 4.4 Fighting
 + Level 3.8 Axes
 + Level 3.1 Armour
 + Level 1.7 Dodging
 + Level 3.5 Invocations


You had 4 spell levels left.
You didn't know any spells.
Your spell library was empty.

Dungeon Overview and Level Annotations

Branches:
Dungeon (3/15)

Altars:
Cheibriados
Qazlal


Message History

The hobgoblin is heavily wounded.
You hit the orc wizard. The orc wizard casts a spell at you.
You feel yourself slow down.
The hobgoblin hits you but does no damage.
You hit the orc wizard.
The orc wizard is moderately wounded.
You hit the hobgoblin but do no damage.
The orc wizard gestures at you while chanting.
The magic dart hits you!
* * * LOW HITPOINT WARNING * * *
The hobgoblin hits you.
* * * LOW HITPOINT WARNING * * *
The orc wizard gestures wildly while chanting.
The orc wizard blinks!
It was a potion of magic.
Magic courses through your body. The hobgoblin barely misses you.
The orc wizard casts a spell at you. The magic dart hits you!
You die...

#...###≈ #≈.......#
#.≈.#≈§≈§#........#
#.§≈#≈⌠>≈#..≈.....#
#.≈≈#≈._≈≈.o......#
#..§≈≈≈≈§#§§.......
##..§##≈.#≈≈........
#......≈.≈≈≈)g......
#......≈...≈@§......
#................<..
#####.#####.............
......# #.###.####.##.
....### #.# #.# # .....#
#.. #.# .....# ... #..
.....# .#.#### .....# #.
##


You could see an orc wizard and a hobgoblin.

Vanquished Creatures
  3 adders
  An ooze (D:1)
  A worm (D:3)
  2 dart slugs
  3 leopard geckos
  3 orcs
  3 giant cockroaches
  9 goblins
  11 hobgoblins
  4 jackals (D:3)
  9 bats
  6 frilled lizards
  7 kobolds
  5 rats
67 creatures vanquished.

Notes
Turn   | Place    | Note
-------+----------+-------------------------------------------
     0 | Abyss:1  | Borgoz the Hill Orc Abyssal Knight began the quest for the
                  | Orb.
     0 | Abyss:1  | Reached XP level 1. HP: 19/19 MP: 2/2
    60 | Abyss:1  | Noticed an ancient zyme
    64 | Abyss:1  | Noticed a starcursed mass
    69 | D:1      | Escaped the Abyss
   600 | D:1      | Reached skill level 1 in Dodging
   600 | D:1      | Reached XP level 2. HP: 20/27 MP: 3/3
   605 | D:1      | Reached * piety under Lugonu
  1163 | D:1      | Reached XP level 3. HP: 24/33 MP: 5/5
  1239 | D:1      | Reached skill level 4 in Fighting
  1733 | D:2      | Found a snail-covered altar of Cheibriados.
  1769 | D:2      | Reached ** piety under Lugonu
  2027 | D:2      | Reached XP level 4. HP: 36/40 MP: 6/6
  2832 | D:3      | Found a stormy altar of Qazlal.
  2849 | D:3      | Reached XP level 5. HP: 16/47 MP: 7/7
  2851 | D:3      | HP: 1/47 [hobgoblin (4)]
  2852 | D:3      | Killed from afar by an orc wizard

Vault maps used:
D:1:      lightli_arrival_noodles
D:2:      nicolae_overflow_hidden_temple
D:3:      nicolae_qazlal_general_emergency, first_ration,
          minmay_misc_feat_ornament
Abyss:1:  evilmike_abyss_exit_kraken

Skill      XL: |  1  2  3  4 |
---------------+-------------+-----
Dodging        | 1 |  1.7
Axes           | 3 |  3.8
Fighting       | 4 |  4.4
Invocations    | 3 |  3.5
Armour         | 3 |  3.1

Action                   |  1- 3 |  4- 6 || total
-------------------------+-------+-------++-------
Melee: Hand axe          |   141 |    54 ||   195
Invok: Depart the Abyss  |     1 |       ||     1
  Use: Scroll            |       |     5 ||     5
       Potion            |       |     2 ||     2
  Eat: Chunk             |     3 |     3 ||     6
Armor: Leather armour    |     9 |       ||     9
       Ring mail         |    53 |    19 ||    72
Dodge: Dodged            |   104 |    29 ||   133

Table legend:
 A = Non-vault XP
 B = Vault XP
 C = Vault XP percentage of total XP
 D = Non-vault monster count
 E = Vault monster count
 F = Vault count percentage of total count
                 A         B        C        D         E       F
            +---------+---------+-------+---------+---------+-------
      Total |     166 |       0 |   0.0 |      67 |       0 |   0.0
            +---------+---------+-------+---------+---------+-------
        D:1 |      59 |       0 |   0.0 |      33 |       0 |   0.0
        D:2 |      52 |       0 |   0.0 |      21 |       0 |   0.0
        D:3 |      55 |       0 |   0.0 |      13 |       0 |   0.0
            +---------+---------+-------+---------+---------+-------
